 Dungeon Crawl Stone Soup version 0.31-a0-355-g57cb03d3e8 (webtiles) character file.

Game seed: 1384955721610466637

283 LeprechaunX the Ruffian (level 6, -4/61 HPs)
             Began as an Octopode Shapeshifter on July 24, 2023.
             Was a Believer of Kikubaaqudgha.
             Splashed by a jelly's acid (7 damage)
             ... on level 4 of the Dungeon.
             The game lasted 00:02:46 (1973 turns).

LeprechaunX the Ruffian (Octopode Shapeshifter)     Turns: 1973, Time: 00:02:47

Health: -4/61      AC: 19    Str: 17    XL:     6   Next: 28%
Magic:  6/6        EV:  2    Int: 10    God:    Kikubaaqudgha [**....]
Gold:   157        SH:  0    Dex: 12    Spells: 5/5 levels left

rFire   . .          .
                       - Unarmed
rCold   . . .        (no shield)
rNeg    . . .        (helmet currently unavailable)
rPois   +            (no amulet)
rElec   .            (no ring)
rCorr   .            (no ring)
SInv    .            (no ring)
Will    .....        (no ring)
Stlth   +            (no ring)
HPRegen 0.30/turn    (no ring)
MPRegen 0.10/turn    (no ring)
                     (no ring)

%: no passive effects
@: tree-form, corroded
A: stationary, stasis, torment immunity, boosted hp, almost no armour,
(amphibious), 8 rings, (camouflage 1), (gelatinous body 1), (nimble swimmer 1),
(tentacles)
a: Renounce Religion, Unearth Wretches


You were on level 4 of the Dungeon.
You worshipped Kikubaaqudgha.
Kikubaaqudgha was pleased with you.
You were a tree.
You visited 1 branch of the dungeon, and saw 4 of its levels.

You collected 157 gold pieces.

Inventory:

Armour
 m - a +2 tower shield
Talismans
 b - a beast talisman
Wands
 p - a wand of roots (5)
Scrolls
 c - 2 scrolls of identify {unknown}
 d - a scroll of enchant weapon {unknown}
 e - a scroll of acquirement {unknown}
 f - 2 scrolls of fear {unknown}
 g - 2 scrolls of immolation {unknown}
 h - a scroll of butterflies {unknown}
 k - a scroll of vulnerability {unknown}
 l - 3 scrolls of amnesia {unknown}
 o - a scroll of teleportation {unknown}
 q - a scroll of noise {unknown}
Potions
 a - a potion of lignification
 i - a potion of invisibility {unknown}
 j - a potion of attraction {unknown}
 n - a potion of heal wounds {unknown}


   Skills:
 + Level 2.7 Fighting
 + Level 3.2 Dodging
 + Level 1.6 Shields
 * Level 4.7 Unarmed Combat
 + Level 3.6 Shapeshifting


You had 5 spell levels left.
You didn't know any spells.
Your spell library contained the following spells:

 Spells                   Type           Power      Damage    Failure   Level
 Necrotise                Necr           0%         1d4       36%         1
 Blink                    Tloc           0%         N/A       50%         2
 Cigotuvi's Dreadful Rot  Necr/Pois/Air  0%         N/A       50%         2
 Sublimation of Blood     Necr           0%         N/A       50%         2
 Vampiric Draining        Necr           0%         2d6       75%         3
 Manifold Assault         Tloc           0%         N/A       98%         4


Dungeon Overview and Level Annotations

Branches:
Dungeon (4/15)
 Temple: D:4-7

Altars:
Kikubaaqudgha


Innate Abilities, Weirdness & Mutations

You are a tree.
Your roots penetrate the ground, keeping you stationary.
You cannot be teleported.
You are immune to unholy pain and torment.
Your maximum health is greatly increased.
You cannot wear most types of armour.
((You are amphibious.))
You can wear up to eight rings at the same time.
((Your skin changes colour to match your surroundings (Stealth+).))
((Your rubbery body absorbs attacks. (AC +1, EV +1)))
((You are camouflaged when in or above water. (Stealth+)))
((You have tentacles for arms and can constrict up to eight enemies at once.))


Message History

The goblin is severely wounded.
The goblin misses you.
You tentacle-slap the goblin.
You kill the goblin!
Kikubaaqudgha accepts your kill.
You bludgeon the kobold!
You kill the kobold!
Kikubaaqudgha accepts your kill.
You tentacle-slap the orc but do no damage.
Your grab misses the orc. The orc hits you with a +0 club.
* * * LOW HITPOINT WARNING * * *
Really quaff the potion of lignification?
Your transformation has ended.
You turn into a tree.
Your roots penetrate the ground.
The orc hits you but does no damage.
You smack the orc!
You kill the orc!
Kikubaaqudgha accepts your kill.
You hit the quokka.
The quokka is heavily wounded.
The quokka bites you but does no damage.
You barely miss the quokka.
The quokka is heavily wounded.
The quokka bites you.
* * * LOW HITPOINT WARNING * * *
You barely miss the quokka.
The quokka is moderately wounded.
The quokka bites you but does no damage. x2
You smack the quokka!
You kill the quokka!
Kikubaaqudgha accepts your kill.
You swing at nothing.
You smack the jelly!
The acid corrodes you!
Your branches burn!
* * * LOW HITPOINT WARNING * * *
The jelly is heavily wounded.
The jelly hits you.
* * * LOW HITPOINT WARNING * * *
You are splashed with acid!
You die...
Kikubaaqudgha rasps: "You have failed me!
Welcome... death!"

.........).......
......)$.......r..#
......J.#.#######.#
.#......r(# .......
#........J# .......
..........# .....
..#####...# ..< .
####(..##.####.#.#..#.#.
#......J♣...............
###.##...#######.#.#..#.#.#
...........................
###.###....................
# #.#.............#.#.#
#.#...........#.#....
#.###.#........)..)......
#....................##.#
#........#####.......##..


You could see a jelly.

Vanquished Creatures
  2 kobold brigands (D:3)
  A howler monkey (D:4)
  2 adders
  3 worms
  A dart slug (D:1)
  5 orcs
  4 bats
  6 endoplasms
  3 giant cockroaches
  4 goblins
  6 hobgoblins
  2 jackals (D:1)
  3 quokkas
  4 ball pythons
  3 frilled lizards
  15 kobolds
  7 rats
71 creatures vanquished.

Notes
Turn   | Place    | Note
-------+----------+-------------------------------------------
     0 | D:1      | LeprechaunX the Octopode Shapeshifter began the quest for
                  | the Orb.
     0 | D:1      | Reached XP level 1. HP: 13/13 MP: 1/1
   134 | D:1      | Reached XP level 2. HP: 18/18 MP: 2/2
   619 | D:2      | Reached XP level 3. HP: 23/23 MP: 3/3
   869 | D:2      | Found a faded altar of an unknown god.
  1005 | D:2      | Prayed at the altar of an unknown god.
  1005 | D:2      | Became a worshipper of Kikubaaqudgha
  1005 | D:2      | Reached * piety under Kikubaaqudgha
  1005 | D:2      | Received a gift from Kikubaaqudgha
  1055 | D:3      | Reached XP level 4. HP: 28/29 MP: 4/4
  1482 | D:3      | Reached ** piety under Kikubaaqudgha
  1494 | D:3      | Noticed a kobold brigand
  1495 | D:3      | Noticed a kobold brigand
  1506 | D:3      | Killed a kobold brigand
  1507 | D:3      | Reached skill level 1 in Shields
  1507 | D:3      | Reached skill level 4 in Unarmed Combat
  1507 | D:3      | Reached XP level 5. HP: 28/34 MP: 5/5
  1510 | D:3      | Killed a kobold brigand
  1511 | D:3      | Reached XP level 6. HP: 16/41 MP: 6/6
  1973 | D:4      | HP: 3/61 [jelly (3)]
  1973 | D:4      | Splashed by a jelly's acid

Illustrated notes

Levels and vault maps discovered:
D:1:      scummos_arrival_checkerplants, layout_basic, kennysheep_small_spiral
D:2:      layout_rooms, hellmonk_ecumenical_altar_inner_sanctum
D:3:      cheibrodos_thug_alley, layout_basic
D:4:      layout_basic, nicolae_dithmenos_through_a_glass_darkly,
          minmay_temple_entry_wispy, grunt_decor_mini_mirrors

Skill      XL: |  1  2  3  4  5 |
---------------+----------------+-----
Fighting       | 2 |  2.7
Shields        | 1 |  1.6
Unarmed Combat | 4 |  4.7
Dodging        | 3 |  3.2
Shapeshifting  | |  3.6

Action                     |  1- 3 |  4- 6 || total
---------------------------+-------+-------++-------
  Melee: Unarmed           |    55 |    74 ||   129
         Tentacles         |    13 |    12 ||    25
         Constrict         |    17 |    18 ||    35
         Punch             |     3 |       ||     3
    Use: Potion            |       |     1 ||     1
   Stab: Sleeping          |    12 |     2 ||    14
 Armour: Skin              |     4 |     8 ||    12
  Dodge: Dodged            |    25 |    34 ||    59

Table legend: (Time is in decaauts)
 A = Elapsed time spent in this place.
 B = Non-inter-level travel time spent in this place.
 C = Inter-level travel time spent in this place.
 D = Time resting spent in this place.
 E = Time spent auto-exploring this place.
 F = Levels seen in this place.
 G = Mean time per level.
                   A        B        C        D        E       F      G
               +--------+--------+--------+--------+--------+-----+--------+
         Total |   1963 |   1844 |    119 |      0 |   1449 |   4 |  490.8 |
       Dungeon |   1963 |   1844 |    119 |      0 |   1449 |   4 |  490.8 |
               +--------+--------+--------+--------+--------+-----+--------+

Top non-repeatable levels by time:
     D:3: 844 daAuts
     D:1: 571 daAuts
     D:2: 460 daAuts
     D:4: 87 daAuts
